AoeStats
← Barón de la Cerveza

Hideout

510203904Analyzed
1v1 RM · 2d ago on Sep 29, 2026· 49m 21s· 2 players
Game mode
Random Map
Map size
Tiny (2 player)
Population
200
Speed
Normal
Resources
Standard
Victory
Conquest
Starting age
Dark Age
Ending age
Imperial Age
RankedLock teamsTeams togetherTeam positionsShared explorationLock speedFull tech treeHidden civsTurbo modeCheats
Victory
Defeat
🇲🇽 Teutons · Mexico
1915
+12
🇲🇽 Bohemians · Mexico
1830
-12
MZTK | Phantom Foxy
6:12 Loom
8:26 Feudal Age
11:30 Fletching
17:30 Double-Bit Axe
21:03 Wheelbarrow
24:34 Castle Age
25:27 Bow Saw
25:04 Town Watch
25:29 Bodkin Arrow
27:59 Hand Cart
31:11 Gold Mining
32:06 Redemption
35:06 Imperial Age
35:07 Fervor
37:05 Chemistry
39:01 Redemption
39:31 Block Printing
40:15 Sanctity
41:31 Illumination
49:11 Padded Archer Armor
Barón de la Cerveza
9:11 Feudal Age
9:15 Loom
11:54 Fletching
13:29 Wheelbarrow
24:29 Castle Age
26:34 Bodkin Arrow
27:22 Guard Tower
39:41 Imperial Age
37:16 Double-Bit Axe
37:46 Horse Collar
39:57 Chemistry
39:34 Fervor
39:44 Sanctity
48:04 Elite Skirmisher
Connection lost

Rejoining the realm…

Still unreachable

The connection could not be restored.

Session expired

The server has moved on; the page needs a fresh start.